 Dungeon Crawl Stone Soup version 0.20-a0-522-g0b37eee (webtiles) character file.

74821 PrrrPrrrPrrr the Thaumaturge (level 15, -10/90 HPs)
             Began as a Gargoyle Earth Elementalist on Jan 26, 2017.
             Was the Champion of Vehumet.
             Mangled by an enormous slime creature (76 damage)
             ... on level 13 of the Dungeon.
             The game lasted 01:57:58 (37285 turns).

PrrrPrrrPrrr the Thaumaturge (GrEE)                Turns: 37285, Time: 01:58:07

Health: -10/90     AC: 23    Str: 12    XL:     15   Next: 48%
Magic:  2/31       EV: 18    Int: 29    God:    Vehumet [******]
Gold:   852        SH:  0    Dex: 20    Spells: 4/39 levels left

rFire    . . .     SeeInvis .   B - +3 flail (crush)
rCold    + . .     Gourm    +   u - +1 robe {rC+}
rNeg     + . .     Faith    .   (no shield)
rPois    ∞         Spirit   .   F - +2 hat
rElec    +         Reflect  .   X - +4 cloak of Qyum {Int+7}
rCorr    +         Harm     .   g - +0 pair of fencer's gloves {+Riposte Dex+3}
MR       +....                  (no boots)
Stlth    +++.......             o - amulet of the gourmand
Regen    0.3/turn               S - +5 ring of dexterity
                                q - ring of resist corrosion

@: flying
A: big wings, thin skeletal structure 1, negative energy resistance 1,
electricity resistance, unbreathing, petrification resistance, rot immunity, AC
+11
a: Stop Flying, Renounce Religion


You were on level 13 of the Dungeon.
You worshipped Vehumet.
Vehumet was exalted by your worship.
You were very full.

You visited 3 branches of the dungeon, and saw 20 of its levels.

You collected 1248 gold pieces.
You spent 396 gold pieces at shops.

Inventory:

Hand Weapons
 B - a +3 flail of crushing (weapon)
 T - the +5 spear of the Firefly {antimagic, rElec MR+ Str+4 Stlth-}
   (You found it on level 1 of the Lair of Beasts)

   It reduces the magical energy of the wielder, and disrupts the spells and
   magical abilities of those hit.
   Natural abilities and divine invocations are not affected.
   It affects your strength (+4).
   It insulates you from electricity.
   It affects your resistance to hostile enchantments.
   It makes you less stealthy.
Missiles
 b - 456 stones (quivered)
Armour
 g - the +0 pair of fencer's gloves (worn) {+Riposte Dex+3}
   (You found it on level 6 of the Lair of Beasts)

   It affects your dexterity (+3).
 u - a +1 robe of cold resistance (worn)
 F - a +2 hat (worn)
 X - the +4 cloak of Qyum (worn) {Int+7}
   (You bought it in a shop on level 5 of the Dungeon)

   It affects your intelligence (+7).
Magical Staves
 j - an uncursed staff of earth
Jewellery
 k - an uncursed ring of see invisible
 o - an amulet of the gourmand (around neck)
 q - a ring of resist corrosion (left hand)
 K - an uncursed ring of protection from fire
 Q - an uncursed ring of ice
 S - a +5 ring of dexterity (right hand)
Wands
 h - a wand of digging (20/24)
 C - a wand of digging (15/24)
 H - a wand of confusion (32/48)
Scrolls
 p - 5 scrolls of remove curse
 x - a scroll of fog
 A - 6 scrolls of fear
 I - 2 scrolls of magic mapping
 J - 3 scrolls of immolation
 M - 3 scrolls of enchant armour
 P - 2 scrolls of amnesia
 R - a scroll of blinking
 W - 3 scrolls of teleportation
 Z - 2 scrolls of recharging
Potions
 c - a potion of berserk rage
 f - a potion of brilliance
 n - 4 potions of heal wounds
 r - 2 potions of flight
 v - 8 potions of curing
 z - 2 potions of invisibility
 D - 3 potions of haste
 N - a potion of cure mutation
 O - 2 potions of ambrosia
 U - 2 potions of might
 Y - a potion of resistance
Books
 e - a book of Geomancy

   Spells                             Type                      Level
   a - Sandblast                      Earth                        1
   b - Passwall                       Transmutation/Earth          2
   c - Stone Arrow                    Conjuration/Earth            3
   d - Petrify                        Transmutation/Earth          4
   e - Lee's Rapid Deconstruction     Earth                        5
 l - a book of Maledictions

   Spells                             Type                      Level
   a - Corona                         Hexes                        1
   b - Ensorcelled Hibernation        Hexes/Ice                    2
   c - Confuse                        Hexes                        3
   d - Tukima's Dance                 Hexes                        3
   e - Dazzling Spray                 Conjuration/Hexes            3
 w - a book of Changes

   Spells                             Type                      Level
   a - Beastly Appendage              Transmutation                1
   b - Sticks to Snakes               Transmutation                2
   c - Spider Form                    Transmutation/Poison         3
   d - Ice Form                       Ice/Transmutation            4
   e - Blade Hands                    Transmutation                5
 y - a book of Power

   Spells                             Type                      Level
   a - Fulminant Prism                Conjuration/Hexes            4
   b - Iskenderun's Mystic Blast      Conjuration                  4
   c - Venom Bolt                     Conjuration/Poison           5
   d - Bolt of Magma                  Conjuration/Fire/Earth       5
   e - Iron Shot                      Conjuration/Earth            6
   f - Orb of Destruction             Conjuration                  7
   g - Spellforged Servitor           Conjuration/Summoning        7
 G - a book of Fire

   Spells                             Type                      Level
   a - Ignite Poison                  Fire/Transmutation/Poison    3
   b - Fireball                       Conjuration/Fire             5
   c - Bolt of Fire                   Conjuration/Fire             6
   d - Delayed Fireball               Conjuration/Fire             7
   e - Ring of Flames                 Charms/Fire                  7
 L - a book of Enchantments

   Spells                             Type                      Level
   a - Cause Fear                     Hexes                        4
   b - Yara's Violent Unravelling     Hexes/Transmutation          5
   c - Silence                        Hexes/Air                    5
   d - Deflect Missiles               Charms/Air                   6
   e - Discord                        Hexes                        8
 V - a book of Beasts

   Spells                             Type                      Level
   a - Summon Butterflies             Summoning                    1
   b - Call Canine Familiar           Summoning                    3
   c - Summon Ice Beast               Ice/Summoning                4
   d - Summon Mana Viper              Hexes/Summoning              5
   e - Summon Hydra                   Summoning                    7
Miscellaneous
 m - a phial of floods
 s - a sack of spiders
Comestibles
 a - 15 meat rations
 d - 15 bread rations
 i - 27 fruits
 t - 17 royal jellies
 E - 3 chunks of flesh


   Skills:
 + Level 9.1 Fighting
 + Level 8.7 Maces & Flails
 - Level 7.0 Armour
 + Level 7.2 Dodging
 - Level 2.1 Stealth
   Level 4.1 Shields
 * Level 12.9 Spellcasting
 + Level 10.6 Conjurations
   Level 0.7 Transmutations
 * Level 9.2 Fire Magic
 + Level 12.4 Earth Magic


You had 4 spell levels left.
You knew the following spells:

 Your Spells              Type           Power        Failure   Level  Hunger
a - Sandblast             Erth           ######       0%          1    None
b - Stone Arrow           Conj/Erth      ######       1%          3    None
c - Lee's Rapid Deconstr  Erth           ######....   1%          5    ##.....
d - Airstrike             Air            ###.......   9%          4    None
e - Bolt of Magma         Conj/Fire/Erth ######....   1%          5    ##.....
f - Fireball              Conj/Fire      ######....   1%          5    ##.....
g - Iron Shot             Conj/Erth      ######....   1%          6    ####...
h - Bolt of Fire          Conj/Fire      ######....   2%          6    ####...


Dungeon Overview and Level Annotations

Branches:
Dungeon (13/15)            Temple (1/1) D:6            Lair (6/6) D:10
  Swamp (0/4) Lair:2        Snake (0/4) Lair:4        Slime (0/5) Lair:6
    Orc (0/2) D:11
 Vaults: D:13-14

Altars:
Ashenzari
Cheibriados
Dithmenos
Elyvilon
Fedhas
Gozag
Hepliaklqana
Kikubaaqudgha
Makhleb
Nemelex Xobeh
Okawaru
Qazlal
Ru
Sif Muna
Trog
Uskayaw
Vehumet
Xom
Yredelemnul
Zin
The Shining One
Beogh
Jiyva

Shops:
D:5 ![%**[   D:12 *   D:13 *


Innate Abilities, Weirdness & Mutations

You are resistant to torment.
Your stone body is resilient. (AC +11)
You are immune to poison.
Your large and strong wings let you fly indefinitely.
You resist negative energy. (rN+)
You are resistant to electric shocks. (rElec)
You can survive without breathing.
You are immune to petrification.
You are immune to rotting.
You have a somewhat thin skeletal structure. (Dex +2, Stealth)


Message History

Confirm with . or Enter, or press ? or * to list all spells.
Aiming: Iron Shot
Press: ? - help, Shift-Dir - straight line, f/p - enormous slime creature
Aim: an enormous slime creature (heavily wounded)
The iron shot hits the enormous slime creature.
The enormous slime creature is severely wounded.
The slime creature hits you but does no damage.
The enormous slime creature completely misses you.
Casting: Iron Shot
Confirm with . or Enter, or press ? or * to list all spells.
Aiming: Iron Shot
Press: ? - help, Shift-Dir - straight line, f/p - enormous slime creature
Aim: an enormous slime creature (severely wounded)
The iron shot hits the enormous slime creature.
The enormous slime creature is almost dead.
The slime creature misses you.
You riposte.
You thump the slime creature!
The slime creature is lightly wounded.
The enormous slime creature hits you!!!!
Ouch! That really hurt!
You die...

...#
#...##.≈≈≈≈≈..#.....#
...#
######.#≈≈≈####.##..#
...# #.##≈## #.##..#
...## ####
##########.##..###
....# #.#.#
#..(......[....
....## #.#.#
#######.##..###
>...'# #.#.#
##.......##..# ....##
#%#J#J#.########..###
....# #.#@##.# #.....
....# #.#.#.# #.....
....# #.#.##.# ######
....# #.#.#.#.# ....#
######..# ....# ####
....# #####


You could see an enormous slime creature and a slime creature.

Vanquished Creatures
  Gastronok (Lair:2)
  The ghost of Kaname the Slicer, a journeyman DsEn of Vehumet (Lair:2)
  The ghost of Eptagon the Protected, a journeyman GrFi of Ashenzari (Lair:2)
  Harold (Lair:2)
  6 hydras
  3 two-headed ogres
  3 catoblepae (Lair:6)
  The ghost of Eptagon the Basher, a journeyman GrFi of Cheibriados (D:12)
  12 death yaks
  A centaur warrior (D:13)
  Nergalle (Lair:2)
  3 skeletal warriors (D:12)
  2 unseen horrors (D:10)
  A lindwurm (Lair:6)
  An ugly thing (D:13)
  3 oklob plants
  A wolf spider zombie (D:13)
  3 cyclopes
  2 manticores (Lair:6)
  8 elephants
  A black mamba (Lair:4)
  A guardian serpent (D:10)
  9 spiny frogs
  4 gargoyles
  16 komodo dragons
  4 rime drakes
  2 kobold demonologists (D:11)
  3 polar bears
  2 trolls
  2 hornets
  Prince Ribbit (Lair:2)
  10 dream sheep
  7 slime creatures (D:13)
  Grinder (D:5)
  19 blink frogs
  12 hippogriffs
  6 wyverns
  A spriggan (Lair:5)
  2 shadows (D:12)
  A water elemental (D:13)
  Grum (D:8)
  2 wraiths
  32 yaks
  5 basilisks
  2 nagas (Lair:4)
  8 water moccasins
  13 porcupines
  2 phantoms
  3 black bears
  6 orc warriors
  4 sky beasts
  5 ice beasts
  8 ogres
  19 wolves
  15 centaurs
  A necrophage (D:12)
  4 big kobolds
  12 crocodiles
  Blork the orc (D:6)
  25 bullfrogs
  6 scorpions
  A water moccasin skeleton (D:5)
  12 killer bees
  8 wights
  4 howler monkeys
  12 electric eels
  7 crimson imps
  A bullfrog zombie (D:9)
  A centaur zombie (D:9)
  6 jellies
  6 hounds
  9 orc priests
  12 centaur skeletons
  19 orc wizards
  3 bullfrog skeletons
  Ijyb (D:3)
  13 iguanas
  15 worker ants
  2 hound skeletons
  A hound zombie (D:10)
  A howler monkey zombie (D:10)
  A worker ant zombie (D:8)
  7 gnolls
  2 howler monkey skeletons (D:6)
  13 adders
  2 shadow imps
  5 oozes (D:8)
  An adder skeleton (D:7)
  An adder zombie (D:10)
  2 dart slugs
  2 leopard geckos
  58 orcs
  2 ball pythons
  6 bats
  6 giant cockroaches
  7 goblins
  5 hobgoblins
  8 jackals
  21 kobolds
  6 quokkas
  6 frilled lizards
  A quokka skeleton (D:8)
  A quokka zombie (D:6)
  5 rats
  A butterfly (Lair:4)
  2 fungi
  9 plants
647 creatures vanquished.

Vanquished Creatures (others)
  6 fungi
  12 plants
18 creatures vanquished.

Grand Total: 665 creatures vanquished

Notes
Turn   | Place    | Note
-------+----------+-------------------------------------------
     0 | D:1      | PrrrPrrrPrrr the Gargoyle Earth Elementalist began the quest for the Orb.
     0 | D:1      | Reached XP level 1. HP: 10/10 MP: 3/3
   248 | D:1      | Reached XP level 2. HP: 15/15 MP: 0/5
   519 | D:1      | Reached XP level 3. HP: 15/19 MP: 1/7
  1788 | D:2      | Reached XP level 4. HP: 24/24 MP: 7/9
  2351 | D:3      | Learned a level 3 spell: Stone Arrow
  2584 | D:3      | Noticed Ijyb
  2604 | D:3      | Killed Ijyb
  2604 | D:3      | Reached skill level 1 in Conjurations
  2604 | D:3      | Reached skill level 5 in Earth Magic
  2604 | D:3      | Reached XP level 5. HP: 28/28 MP: 6/10
  2690 | D:3      | Learned a level 5 spell: Lee's Rapid Deconstruction
  2900 | D:3      | Found a hide-covered altar of Uskayaw.
  3088 | D:4      | Reached XP level 6. HP: 7/32 MP: 9/12
  3404 | D:4      | HP: 1/32 [orc priest/divine providence (17)]
  4302 | D:4      | Reached skill level 5 in Spellcasting
  4313 | D:4      | Reached XP level 7. HP: 20/36 MP: 7/14
  4815 | D:5      | Entered Level 5 of the Dungeon
  5227 | D:5      | Found Bigom's Distillery.
  5236 | D:5      | Bought 2 potions of heal wounds for 110 gold pieces
  5278 | D:5      | Found Kitras's General Store.
  5297 | D:5      | Bought a scroll of identify for 30 gold pieces
  5328 | D:5      | Noticed Grinder
  5341 | D:5      | Killed Grinder
  5341 | D:5      | Reached XP level 8. HP: 41/41 MP: 5/17
  5517 | D:5      | Found Utaste Zixt's Assorted Antiques.
  5663 | D:5      | Found Qiureghi's Antique Armour Shoppe.
  5781 | D:5      | Found Wajaam's Food Boutique.
  5794 | D:5      | Found Kaamnet's Antique Armour Shop.
  6416 | D:6      | Noticed Blork the orc
  6425 | D:6      | Killed Blork the orc
  6425 | D:6      | Reached skill level 5 in Conjurations
  6836 | D:6      | Found a staircase to the Ecumenical Temple.
  6845 | Temple   | Entered the Ecumenical Temple
  6961 | Temple   | Became a worshipper of Vehumet
  7059 | D:6      | Reached XP level 9. HP: 45/45 MP: 16/20
  7389 | D:6      | Reached skill level 1 in Maces & Flails
  8062 | D:7      | Reached skill level 1 in Fighting
  8062 | D:7      | Reached skill level 1 in Armour
  9693 | D:8      | Noticed Grum
  9696 | D:8      | Reached * piety under Vehumet
  9696 | D:8      | Offered knowledge of Freeze by Vehumet.
 10237 | D:8      | Noticed a four-headed hydra
 10247 | D:8      | Killed a four-headed hydra
 10247 | D:8      | Reached XP level 10. HP: 56/56 MP: 4/22
 10590 | D:8      | Killed Grum
 10991 | D:8      | Noticed a two-headed ogre
 11001 | D:8      | Killed a two-headed ogre
 11226 | D:8      | Offered knowledge of Searing Ray by Vehumet.
 11635 | D:8      | Reached ** piety under Vehumet
 12621 | D:9      | Reached XP level 11. HP: 60/61 MP: 8/24
 12712 | D:9      | Offered knowledge of Throw Flame by Vehumet.
 13363 | D:9      | Reached *** piety under Vehumet
 13390 | D:9      | Noticed a two-headed ogre
 13396 | D:9      | Killed a two-headed ogre
 14042 | D:10     | Entered Level 10 of the Dungeon
 14487 | D:9      | Offered knowledge of Airstrike by Vehumet.
 14508 | D:9      | Learned a level 4 spell: Airstrike
 15284 | D:10     | Killed an unseen horror
 15284 | D:10     | Reached skill level 10 in Spellcasting
 15363 | D:10     | Found a staircase to the Lair.
 15406 | D:10     | Reached skill level 5 in Fighting
 15416 | D:10     | Killed an unseen horror
 15416 | D:10     | Reached skill level 5 in Maces & Flails
 15416 | D:10     | Reached skill level 5 in Armour
 15711 | D:10     | Reached **** piety under Vehumet
 15763 | D:10     | Offered knowledge of Bolt of Magma by Vehumet.
 15770 | D:10     | Learned a level 5 spell: Bolt of Magma
 16003 | D:10     | Reached skill level 10 in Earth Magic
 16012 | D:10     | Gained mutation: You have a somewhat thin skeletal structure. (Dex +2, Stealth) [potion of beneficial mutation]
 16411 | D:11     | Noticed a cyclops
 16415 | D:11     | Killed a cyclops
 16504 | D:11     | Found a staircase to the Orcish Mines.
 16604 | D:11     | Found a roughly hewn altar of Beogh.
 16735 | D:11     | Reached skill level 1 in Fire Magic
 16903 | D:11     | Learned a level 5 spell: Fireball
 17342 | D:11     | Reached XP level 12. HP: 63/69 MP: 14/26
 17515 | D:11     | Noticed a soul eater
 18146 | Lair:1   | Entered Level 1 of the Lair of Beasts
 18320 | Lair:1   | Got a steaming spear
 18478 | Lair:1   | Reached skill level 5 in Dodging
 18618 | Lair:1   | Reached ***** piety under Vehumet
 18941 | Lair:1   | Offered knowledge of Throw Icicle by Vehumet.
 19364 | Lair:1   | Learned a level 6 spell: Iron Shot
 20234 | Lair:1   | Identified the +5 spear of the Firefly {antimagic, rElec MR+ Str+4 Stlth-} (You found it on level 1 of the Lair of Beasts)
 20661 | Lair:1   | Noticed an eight-headed hydra
 20665 | Lair:1   | Killed an eight-headed hydra
 20859 | Lair:2   | Noticed Harold
 20863 | Lair:2   | Killed Harold
 21022 | Lair:2   | Noticed Gastronok
 21041 | Lair:2   | Killed Gastronok
 21041 | Lair:2   | Reached XP level 13. HP: 44/76 MP: 12/28
 21422 | Lair:2   | Noticed Eptagon's ghost (journeyman GrFi)
 21831 | Lair:2   | Reached skill level 5 in Fire Magic
 21832 | Lair:2   | Noticed Kaname's ghost (journeyman DsEn)
 22802 | Lair:2   | Killed Eptagon's ghost
 22990 | Lair:2   | Killed Kaname's ghost
 23265 | Lair:2   | Noticed Nergalle
 23272 | Lair:2   | Killed Nergalle
 23585 | Lair:2   | Found a staircase to the Swamp.
 23616 | Lair:2   | Noticed Prince Ribbit
 23618 | Lair:2   | Killed Prince Ribbit
 24482 | D:5      | Bought a fine cloak for 256 gold pieces
 24492 | D:5      | Identified the +4 cloak of Qyum {Int+7} (You bought it in a shop on level 5 of the Dungeon)
 26563 | Lair:4   | Found a staircase to the Snake Pit.
 28088 | Lair:5   | Gained mutation: Your large and strong wings let you fly indefinitely. [Gargoyle growth]
 28088 | Lair:5   | Reached XP level 14. HP: 79/83 MP: 9/29
 29109 | Lair:4   | Reached skill level 1 in Shields
 30298 | Lair:6   | Entered Level 6 of the Lair of Beasts
 30577 | Lair:6   | Found a viscous altar of Jiyva.
 30577 | Lair:6   | Found a staircase to the Slime Pits.
 30622 | Lair:6   | Reached skill level 10 in Conjurations
 31609 | Lair:6   | Found a blossoming altar of Fedhas.
 32236 | Lair:6   | Reached ****** piety under Vehumet
 32241 | Lair:6   | Offered knowledge of Lightning Bolt by Vehumet.
 32995 | Lair:6   | Reached XP level 15. HP: 52/89 MP: 19/31
 34201 | D:12     | Found Tuos's Pet Rocks.
 34374 | D:12     | Noticed Eptagon's ghost (journeyman GrFi)
 34378 | D:12     | Killed Eptagon's ghost
 34637 | D:12     | Learned a level 6 spell: Bolt of Fire
 35485 | D:13     | Offered knowledge of Freezing Cloud by Vehumet.
 36422 | D:13     | Found Weifyrol's Assorted Antiques.
 37285 | D:13     | Mangled by an enormous slime creature

Vault maps used:
D:1:      shiori_shiawase
D:3:      lemuel_coloured_pillars_altar, first_bread, uniq_iyjb
D:5:      serial_shops, kennysheep_mini_moat, shop, shop, shop,
          nicolae_shop_trees, kennysheep_diamond, uniq_grinder
D:6:      lemuel_temple_firewalk_b, uniq_blork_the_orc
D:8:      hangedman_little_slice_of_home, uniq_grum
D:9:      serial_park_tiny_2
D:10:     lair_entry_dummy, nrook_guardian_serpent_ordinary
D:11:     minmay_orc_entry_temple_small
D:12:     guppyfry_shop_earth
D:13:     david_vaults_5, serial_shops, shop, st_stairs_14,
          serial_bayou_lagoon_b
Temple:   regret_index_temple_chain_breaker
Lair:1:   beast_lair_carwin_large_1
Lair:2:   swamp_mist, uniq_prince_ribbit2, uniq_gastronok, uniq_nergalle,
          uniq_harold
Lair:3:   nicolae_quartered_pool_little, minmay_lair_oklob_chamber
Lair:4:   guppyfry_snake_entry_island, lemuel_fruit_tree, lemuel_fruit_fields,
          lemuel_fruit_fields
Lair:5:   grunt_forest_stairs_clearing, grunt_megastairs_5,
          infiniplex_staircase_pool_2
Lair:6:   evilmike_catoblepas_cave, dpeg_slime_entry_enclosed_altar,
          lemuel_oklob_altar, serial_bayou_shore_b

Skill      XL: |  1  2  3  4  5  6  7  8  9 10 11 12 13 14 15 |
---------------+----------------------------------------------+-----
Earth Magic    | 4 5 6 7 8 9 10 11 12 | 12.4
Spellcasting   | 3 4 5 6 7 8 9 10 11 12 | 12.9
Conjurations   | 1 2 4 5 6 7 8 9 10 | 10.6
Maces & Flails | 3 4 5 6 7 8 |  8.7
Fighting       | 3 4 5 6 7 8 9 |  9.1
Armour         | 2 4 5 6 7 |  7.0
Dodging        | 3 4 5 6 7 |  7.2
Fire Magic     | 1 4 6 8 9 |  9.2
Shields        | 3 4 |  4.1
Stealth        | |  2.1
Transmutations | |  0.7

Action                   |  1- 3 |  4- 6 |  7- 9 | 10-12 | 13-15 || total
-------------------------+-------+-------+-------+-------+-------++-------
Melee: Dagger            |    36 |    88 |   119 |       |       ||   243
       Short sword       |    25 |    22 |       |       |       ||    47
       Flail             |       |       |   116 |   369 |   511 ||   996
       Staff             |       |       |       |       |     1 ||     1
 Cast: Sandblast         |    33 |    54 |    28 |     9 |    14 ||   138
       Stone Arrow       |       |     1 |    56 |   152 |    21 ||   230
       Lee's Rapid Decon |       |       |     7 |    19 |    42 ||    68
       Bolt of Magma     |       |       |       |    45 |    68 ||   113
       Iron Shot         |       |       |       |    14 |   109 ||   123
       Fireball          |       |       |       |     9 |    63 ||    72
 Abil: Fly               |       |       |       |       |     1 ||     1
Evoke: Wand              |       |       |       |       |     4 ||     4
  Use: Scroll            |       |    13 |    10 |    12 |     7 ||    42
       Potion            |       |     4 |       |     9 |     5 ||    18
 Stab: Sleeping          |     1 |     3 |       |     7 |     5 ||    16
       Distracted        |       |       |       |       |     1 ||     1
  Eat: Chunk             |     3 |    23 |    19 |    53 |    88 ||   186
       Fruit             |       |       |       |       |     4 ||     4
Armor: Robe              |    21 |    47 |   103 |   264 |   291 ||   726
Dodge: Dodged            |    66 |    83 |   162 |   488 |   507 ||  1306
       Rpst.: Flail      |       |       |       |       |    61 ||    61
